 Dungeon Crawl Stone Soup version 0.27-a0-998-g4cfe56dd59 (webtiles) character file.

Game seed: 3495505037793884905

34 spiderkeys the Sneak (level 3, -3/28 HPs)
             Began as a Barachi Brigand on Apr 17, 2021.
             Was a Follower of Makhleb.
             Slain by Terence
             ... wielding a +0 flail
              (7 damage)
             ... on level 2 of the Dungeon.
             The game lasted 00:02:28 (1729 turns).

spiderkeys the Sneak (Barachi Brigand)              Turns: 1729, Time: 00:02:28

Health: -3/28      AC:  3    Str: 12    XL:     3   Next: 31%
Magic:  3/3        EV: 12    Int: 11    God:    Makhleb [*.....]
Gold:   62         SH:  0    Dex: 14    Spells: 2/2 levels left

rFire    . . .     SeeInvis .   a - +3 dagger
rCold    . . .     Faith    .   (no shield)
rNeg     . . .     Spirit   .   b - +0 robe
rPois    .         Reflect  .   (no helmet)
rElec    .         Harm     .   c - +0 cloak
rCorr    .         Rampage  .   (no gloves)
Will     .....                  (no boots)
Stlth    ++........             (no amulet)
HPRegen  0.09/turn              (no ring)
MPRegen  0.08/turn              (no ring)

@: slow
A: +LOS, amphibious, slowness 1, strong legs 1
a: Hop, Renounce Religion


You were on level 2 of the Dungeon.
You worshipped Makhleb.
Makhleb was aware of your devotion.
You visited 1 branch of the dungeon, and saw 2 of its levels.

You collected 62 gold pieces.


Innate Abilities, Weirdness & Mutations

You can be seen from farther away. (+LOS)
You are amphibious.
You cover ground slowly.
You can hop short distances.


   Skills:
 + Level 2.9 Fighting
 + Level 2.6 Short Blades
 + Level 2.3 Throwing
 + Level 1.7 Dodging
 + Level 3.8 Stealth


You had 2 spell levels left.
You didn't know any spells.
Your spell library was empty.

Inventory:

Hand Weapons
 a - a +3 dagger (weapon)
Missiles
 d - 8 poisoned darts (quivered)
 e - 2 curare-tipped darts {=f}
 f - 55 arrows
 i - 5 stones
Armour
 b - a +0 robe (worn)
 c - a +0 cloak (worn)
Scrolls
 g - 2 scrolls of identify {@r1}

Dungeon Overview and Level Annotations

Branches:
Dungeon (2/15)

Altars:
Makhleb

Annotations:
D:2 Terence

#.........
#..!...).
#.......
#...... #.....
#.... . #...#
#.# #@..# #.#
#.@.###.###
####......#
#......#
#......#
#......#
#......########
#.....<........
#......#######.
#......#


You could see Terence (fast).


Message History

No target in view!
No target in view!
No target in view!
No target in view!
You now have 54 gold pieces (gained 11).
You see here a frilled lizard corpse.
You see here a +0 leather armour.
You now have 62 gold pieces (gained 8).
An endoplasm comes into view.
Unknown command.
The endoplasm quivers.
The endoplasm hits you. 😕 HP[-1]
You take 1 damage, and now have 27/28 hp.
You hit the endoplasm.
The endoplasm jiggles.
The endoplasm freezes you.
You are frozen. 😕 HP[-5]
You take 5 damage, and now have 22/28 hp.
An endoplasm is nearby!
You hit the endoplasm.
The endoplasm hits you but does no damage.
You hit the endoplasm.
You kill the endoplasm!
No target in view!
No target in view!
No target in view!
Key pressed, stopping explore.
A goblin comes into view. It is wielding a +0 dagger. 😎 HP[+6]
Your hp is fully restored (28).
The helpless goblin fails to defend itself.
You impale the goblin!!
You kill the goblin!
No target in view!
No target in view!
No target in view!
You see here a +0 dagger.
Done exploring.
Done exploring.
Done exploring.
As you read the scroll labelled DOUSOJ AS URO, it crumbles to dust.
It is a scroll of enchant weapon.
Your +2 dagger glows red for a moment.
Okay, then.
You see here a +0 dagger.
You see here a +0 leather armour.
You see here a frilled lizard skeleton.
There is a stone staircase leading down here.
You aren't carrying any potions.
You climb downwards.
A bat comes into view.
Found a stone staircase leading up.
There is a stone staircase leading up here.
A bat is nearby!
You climb upwards.
There is a stone staircase leading down here.
Search for what [? for help]? .
You climb downwards.
There is a stone staircase leading up here.
You climb upwards.
There is a stone staircase leading down here.
Search for what [Enter for "."]? .
There is an open door here.
There is an open door here.
Things that are here:
a +0 club; a +0 dagger You see here a +0 robe.
There is a faded altar of an unknown god here.
You see here a -2 short sword.
You cannot tell which god this altar belongs to.
Convert to them anyway?
Makhleb accepts your prayer! Makhleb welcomes you!
You can now gain health from killing.
There is a stone staircase leading down here.
You climb downwards.
Terence the Incautious comes into view.
He is wielding a +0 flail.
There is a stone staircase leading up here.
Terence shouts!
Terence drinks a potion.
Terence seems to speed up.
You aren't carrying any items that you can evoke.
Terence barely misses you.
Terence hits you with a +0 flail. 😕 HP[-5]
You take 5 damage, and now have 23/28 hp.
You closely miss Terence.
Terence hits you with a +0 flail! 😮 HP[-8]
You take 8 damage, and now have 15/28 hp.
MASSIVE DAMAGE!! (PAUSE)
You hit Terence. Terence closely misses you.
You barely miss Terence. Terence hits you with a +0 flail!
* * * LOW HITPOINT WARNING * * *
😨 HP[-7]
You take 7 damage, and now have 8/28 hp.
MASSIVE DAMAGE!! (PAUSE)
You closely miss Terence. Terence hits you with a +0 flail.
* * * LOW HITPOINT WARNING * * *
Terence hits you with a +0 flail!
You die...

Action                   || total
-------------------------++-------
Melee: Dagger            ||    96
Throw: Dart              ||    10
  Use: Scroll            ||     2
 Stab: Sleeping          ||     6
Armor: Robe              ||    21
Dodge: Dodged            ||    69

Levels and vault maps discovered:
D:1:      giann_bridges, layout_basic, ebering_ecumenical_altar_rust
D:2:      layout_rooms, uniq_sigmund, uniq_terence

Notes
Turn   | Place    | Note
-------+----------+-------------------------------------------
     0 | D:1      | spiderkeys the Barachi Brigand began the quest for the Orb.
     0 | D:1      | Reached XP level 1. HP: 17/17 MP: 1/1
     0 | D:1      | magus.rc [v1.9.10]
    54 | D:1      | Reached XP level 2. HP: 7/23 MP: 2/2
    54 | D:1      | HP: 5/23 [quokka (2)]
    62 | D:1      | HP: 2/23 [rat (1)]
   151 | D:1      | HP: 3/23 [quokka (3)]
   465 | D:1      | Found a faded altar of an unknown god.
   941 | D:1      | Reached XP level 3. HP: 14/28 MP: 3/3
  1670 | D:1      | Became a worshipper of Makhleb the Destroyer
  1670 | D:1      | Reached * piety under Makhleb
  1713 | D:2      | Noticed Terence
  1729 | D:2      | HP: 4/28 [Terence/+0 flail (4)]
  1729 | D:2      | Slain by Terence

Vanquished Creatures
  A bat (D:1)
  7 endoplasms (D:1)
  2 goblins (D:1)
  7 jackals (D:1)
  3 quokkas (D:1)
  4 frilled lizards (D:1)
  2 kobolds (D:1)
  4 rats (D:1)
30 creatures vanquished.

Table legend:
 A = Non-vault XP
 B = Vault XP
 C = Vault XP percentage of total XP
 D = Non-vault monster count
 E = Vault monster count
 F = Vault count percentage of total count
                 A         B        C        D         E       F
            +---------+---------+-------+---------+---------+-------
      Total |      49 |       0 |   0.0 |      30 |       0 |   0.0
            +---------+---------+-------+---------+---------+-------
        D:1 |      49 |       0 |   0.0 |      30 |       0 |   0.0
            +---------+---------+-------+---------+---------+-------

Illustrated notes

Table legend:
 A = Kills in this place as a percentage of kills in entire the game.
 B = Kills by you in this place as a percentage of kills by you in the entire game.
 C = Kills by friends in this place as a percentage of kills by friends in the entire game.
 D = Other kills in this place as a percentage of other kills in the entire game.
 E = Experience gained in this place as a percentage of experience gained in the entire game.
 F = Experience gained in this place divided by the number of levels of this place that you have seen.
                   A       B       C       D       E      F
               +-------+-------+-------+-------+-------+----------------------
         Total | 100.0 | 100.0 |   N/A |   N/A | 100.0 |  24.5
       Dungeon | 100.0 | 100.0 |   N/A |   N/A | 100.0 |  24.5
               +-------+-------+-------+-------+-------+----------------------

Table legend: (Time is in decaauts)
 A = Elapsed time spent in this place.
 B = Non-inter-level travel time spent in this place.
 C = Inter-level travel time spent in this place.
 D = Time resting spent in this place.
 E = Time spent auto-exploring this place.
 F = Levels seen in this place.
 G = Mean time per level.
                   A        B        C        D        E       F      G
               +--------+--------+--------+--------+--------+-----+--------+
         Total |   1866 |   1640 |    226 |     59 |   1328 |   2 |  933.0 |
       Dungeon |   1866 |   1640 |    226 |     59 |   1328 |   2 |  933.0 |
               +--------+--------+--------+--------+--------+-----+--------+

Top non-repeatable levels by time:
     D:1: 1844 daAuts
     D:2: 22 daAuts
